 Dungeon Crawl Stone Soup version 0.30.0-20-g3b4254fcbd (webtiles) character file.

Game seed: 191057482617530791

55 Graphine the Sneak (level 3, -3/33 HPs)
             Began as a Naga Brigand on June 2, 2023.
             Killed from afar by Natasha (7 damage)
             ... with a magic dart
             ... on level 2 of the Dungeon.
             The game lasted 00:03:33 (959 turns).

Graphine the Sneak (Naga Brigand)                    Turns: 959, Time: 00:03:34

Health: -3/33      AC:  3    Str: 13    XL:     3   Next: 93%
Magic:  4/4        EV:  9    Int: 11    God:
Gold:   54         SH:  0    Dex: 14    Spells: 4/4 levels left

rFire   . . .        a - +2 dagger
rCold   . . .        (no shield)
rNeg    . . .        b - +0 robe
rPois   +            (no helmet)
rElec   .            c - +0 cloak
rCorr   .            (no gloves)
SInv    +            (no barding)
Will    .....        (no amulet)
Stlth   +++          (no ring)
HPRegen 0.25/turn    (no ring)
MPRegen 0.09/turn

%: no passive effects
@: very slow
A: AC +1, large, see invisible, deformed body, poison resistance, slowness 2,
spit poison 1, naga tail 1
a: Spit Poison


You were on level 2 of the Dungeon.
You visited 1 branch of the dungeon, and saw 2 of its levels.

You collected 54 gold pieces.

Inventory:

Hand Weapons
 a - a +2 dagger (weapon)
Missiles
 d - 9 poisoned darts (quivered)
 e - 3 curare-tipped darts
 n - 5 javelins
Armour
 b - a +0 robe (worn)
 c - a +0 cloak (worn)
 g - a +0 leather armour
Magical Staves
 h - a staff of conjuration
Potions
 f - a potion of ambrosia {unknown}
 i - a potion of invisibility
 k - a potion of cancellation {unknown}
 l - 2 potions of resistance {unknown}
 m - a potion of flight {unknown}


   Skills:
 + Level 2.5 Fighting
 + Level 2.4 Short Blades
 - Level 1.7 Throwing
 - Level 0.7 Dodging
 * Level 6.9 Stealth
 + Level 1.1 Spellcasting


You had 4 spell levels left.
You didn't know any spells.
Your spell library was empty.

Dungeon Overview and Level Annotations

Branches:
Dungeon (2/15)

Altars:

Annotations:
D:2 Jessica, Natasha


Innate Abilities, Weirdness & Mutations

Your serpentine skin is tough. (AC +1)
You have supernaturally acute eyesight. (SInv)
Armour fits poorly on your strangely shaped body.
Your system is resistant to poisons. (rPois)
You cover ground very slowly.
You can spit poison.
You have a snake-like lower body.


Message History

Aim: Natasha, carrying a wand of quicksilver (10) (wandering, hasn't noticed you, 50% to hit)
The splash of poison hits Natasha.
Natasha is poisoned.
Natasha is lightly wounded.
Natasha zaps a wand.
The bolt of dispelling energy hits you!!
Ouch! That really hurt!
The goblin shouts!
Jessica gestures wildly while chanting.
Jessica blinks!
Natasha zaps a wand.
The bolt of dispelling energy misses you.
You see here a fizzy white potion.
You barely miss Natasha.
Natasha is lightly wounded.
Natasha casts a spell.
You hit Natasha.
Natasha is moderately wounded.
Natasha zaps a wand.
The bolt of dispelling energy misses you.
You hit Natasha.
Natasha is heavily wounded.
The cerulean imp hits you from afar with a +1 spear.
Unknown command.
Okay, then.
You hit Natasha.
Natasha is severely wounded.
You have got your breath back.
Natasha claws you!
* * * LOW HITPOINT WARNING * * *
The cerulean imp barely misses you.
You feel better.
Natasha looks more healthy.
Natasha stares at you and mumbles some strange words.
The magic dart hits you.
* * * LOW HITPOINT WARNING * * *
The cerulean imp hits you from afar with a +1 spear.
* * * LOW HITPOINT WARNING * * *
You hit Natasha but do no damage.
Natasha is almost dead.
Natasha stares at you and mumbles some strange words.
The magic dart hits you!
You die...

#.# .<## ..#
...# #... ##.##
######..# #..#
#......# ##.##
######......#
#..# ...#
.5...### ##.##
###[###.h....#
#..## #......@#
##..###.#.#####
##.......#
#...##### #...#
##>.# ####


You could see Natasha and a cerulean imp (summoned).

Vanquished Creatures
  A dart slug (D:1)
  7 endoplasms
  2 giant cockroaches (D:1)
  4 goblins (D:1)
  6 hobgoblins
  5 jackals (D:1)
  3 quokkas (D:1)
  4 ball pythons (D:1)
  5 bats
  A frilled lizard (D:2)
  3 kobolds (D:1)
  4 rats
45 creatures vanquished.

Notes
Turn   | Place    | Note
-------+----------+-------------------------------------------
     0 | D:1      | Graphine the Naga Brigand began the quest for the Orb.
     0 | D:1      | Reached XP level 1. HP: 19/19 MP: 1/1
    38 | D:1      | Reached skill level 6 in Stealth
   151 | D:1      | Reached XP level 2. HP: 26/26 MP: 2/2
   374 | D:1      | Reached XP level 3. HP: 25/33 MP: 4/4
   451 | D:1      | Reached skill level 1 in Spellcasting
   949 | D:2      | Noticed Jessica
   950 | D:2      | Noticed Natasha
   959 | D:2      | Killed from afar by Natasha

Illustrated notes

Levels and vault maps discovered:
D:1:      psy_arrival_spokes, layout_loops_ring
D:2:      layout_basic, uniq_natasha, uniq_jessica

Skill      XL: |  1  2  3 |
---------------+----------+-----
Stealth        | 6 |  6.9
Spellcasting   | 1 |  1.1
Fighting       | |  2.5
Short Blades   | |  2.4
Throwing       | |  1.7
Dodging        | |  0.7

Action                     || total
---------------------------++-------
  Melee: Dagger            ||    86
         Punch             ||     1
Ability: Spit Poison       ||     3
    Use: Scroll            ||     3
         Potion            ||     1
   Stab: Sleeping          ||    23
 Armour: Robe              ||    21
  Dodge: Dodged            ||    28
